 Dungeon Crawl Stone Soup version 0.30-a0-458-g86641cc (webtiles) character file.

Game seed: 1320184981674227583

4622 Illumine the Grappler (level 10, -1/141 HPs)
             Began as a Troll Transmuter on Dec 13, 2022.
             Was a Priest of Cheibriados.
             Slain by a howler monkey (5 damage)
             ... on level 7 of the Dungeon.
             The game lasted 00:14:11 (5350 turns).

Illumine the Grappler (Troll Transmuter)            Turns: 5350, Time: 00:14:11

Health: -1/141     AC: 25    Str: 27    XL:     10   Next: 19%
Magic:  8/14       EV:  1    Int: 20    God:    Cheibriados [***...]
Gold:   310        SH:  0    Dex: 20    Spells: 10/16 levels left

rFire   . . .      SeeInvis +      - Unarmed
rCold   . . .      Faith    .    a - +0 kite shield
rNeg    . . .      Spirit   .    (body armour currently unavailable)
rPois   +          Reflect  +    (helmet currently unavailable)
rElec   .          Harm     .    (cloak currently unavailable)
rCorr   +          Rampage  .    (gloves unavailable)
Will    .....      NoTele   +    (boots unavailable)
Stlth   +.........               v - amulet "Ocyvveut" {Reflect Drain rCorr Dex+3 SH+5 SInv}
HPRegen 1.23/turn                C - +4 ring of evasion
MPRegen 0.14/turn                (no ring)

@: confused, tree-form, weak-willed, very slow
A: stationary, stasis, torment immunity, boosted hp, large, unfitting armour,
(claws 3), regeneration 1, (shaggy fur 1), (tough skin 1)
a: Renounce Religion, Bend Time, Temporal Distortion


You were on level 7 of the Dungeon.
You worshipped Cheibriados.
Cheibriados was most pleased with you.
You were a tree.
You visited 2 branches of the dungeon, and saw 8 of its levels.

You collected 310 gold pieces.

Inventory:

Missiles
 p - 6 silver javelins
 A - 4 poisoned darts (quivered)
 B - 11 throwing nets
 F - 15 boomerangs
Armour
 a - a +0 kite shield (worn)
 d - a +0 cloak (melded)
 E - a +0 robe of cold resistance (melded)
Jewellery
 c - a ring of ice
 n - an amulet of the acrobat
 t - a ring of ice
 v - the amulet "Ocyvveut" (around neck) {Reflect Drain rCorr Dex+3 SH+5 SInv}
   (You found it on level 3 of the Dungeon)

   [amulet of reflection]

   It reflects blocked missile attacks.
   Dex:       It affects your dexterity (+3).
   SInv:      It lets you see invisible.
   rCorr:     It protects you from acid and corrosion.
   Drain:     It drains your maximum health when unequipped.
   SH:        It affects your SH (+5).
 C - a +4 ring of evasion (left branch)
Scrolls
 e - a scroll of immolation {unknown}
 g - a scroll of silence {unknown}
 i - 3 scrolls of fog
 l - 2 scrolls of amnesia
 q - 6 scrolls of teleportation
 r - 2 scrolls of enchant weapon
 u - a scroll of noise {unknown}
 x - a scroll of magic mapping
 y - a scroll of vulnerability
 z - 2 scrolls of butterflies {unknown}
 D - a scroll of enchant armour {unknown}
 G - a scroll of poison {unknown}
Potions
 b - 2 potions of lignification
 f - a potion of attraction {unknown}
 j - 2 potions of berserk rage {unknown}
 m - 4 potions of flight
 o - 3 potions of brilliance {unknown}
 s - a potion of cancellation {unknown}
 w - 3 potions of might {unknown}


   Skills:
 + Level 4.6 Fighting
 + Level 5.0 Dodging
 + Level 1.8 Shields
 * Level 8.8 Unarmed Combat
 + Level 3.8 Spellcasting
 + Level 2.7 Translocations
 + Level 4.5 Transmutations
 + Level 0.8 Invocations


You had 10 spell levels left.
You knew the following spells:

 Your Spells              Type           Power      Damage    Failure   Level
a - Beastly Appendage     Tmut           44%        N/A       4%          1
b - Wereblood             Tmut           22%        N/A       8%          2
c - Vhi's Electric Charg  Tloc/Air       18%        N/A       50%         3

Your spell library contained the following spells:

 Spells                   Type           Power      Damage    Failure   Level
 Spider Form              Tmut/Pois      13%        N/A       36%         3
 Static Discharge         Conj/Air       6%         2-3/arc   45%         2
 Ice Form                 Ice/Tmut       13%        N/A       77%         4
 Arcjolt                  Conj/Air       1%         1d11      100%        5
 Lightning Bolt           Conj/Air       1%         1d12      100%        5


Dungeon Overview and Level Annotations

Branches:
Dungeon (7/15)             Temple (1/1) D:6

Altars:
Ashenzari
Cheibriados
Dithmenos
Elyvilon
Fedhas
Gozag
Hepliaklqana
Kikubaaqudgha
Nemelex Xobeh
Okawaru
Ru
Sif Muna
Uskayaw
Vehumet
Wu Jian
Xom
Yredelemnul
Zin

Shops:
D:4 :   D:6 :

Annotations:
D:4 3 runed translucent doors, AnyaLaVert's ghost, amateur HOFi; Menkaure


Innate Abilities, Weirdness & Mutations

You are a tree.
Your roots penetrate the ground, keeping you stationary.
You cannot be teleported.
You are immune to unholy pain and torment.
Your maximum health is greatly increased.
Your equipment is partially melded.
You are too large for most types of armour.
((You have claws for hands.))
Your natural rate of healing is unusually fast.
((You are covered in fur. (AC +1)))
((You have tough skin. (AC +1)))


Message History

The howler monkey is no longer moving slowly.
The killer bee stings you.
* * * LOW HITPOINT WARNING * * *
The killer bee closely misses you. The howler monkey hits you.
* * * LOW HITPOINT WARNING * * *
You block the orc wizard's attack. The orc barely misses you.
You block the orc's attack.
The orc wizard gestures at you while chanting.
The magic dart hits you.
* * * LOW HITPOINT WARNING * * *
The howler monkey misses you. The howler monkey closely misses you.
Casting: Beastly Appendage (safe; 4% risk of failure)
Confirm with . or Enter, or press ? or * to list all spells.
Okay, then.
As you read the scroll labelled MOTIANTAIQ, it crumbles to dust.
You feel aware of your surroundings.
You sensed 1 altar.
It was a scroll of magic mapping.
You block the killer bee's attack. The killer bee closely misses you.
The howler monkey hits you.
* * * LOW HITPOINT WARNING * * *
The howler monkey misses you. The orc wizard barely misses you.
You block the orc's attack. The orc barely misses you.
You block the orc wizard's attack. The howler monkey hits you.
* * * LOW HITPOINT WARNING * * *
As you read the scroll labelled RESANN ONINT, it crumbles to dust.
Magic quickly surges around you.
It was a scroll of vulnerability.
You block the killer bee's attack. You block the howler monkey's attack.
You block the killer bee's attack. You block the howler monkey's attack.
The howler monkey completely misses you.
The orc wizard misses you. The orc misses you.
The orc hits you but does no damage.
The orc wizard points at you and mumbles some strange words.
You are confused.
You are too confused!
Really quaff the potion of lignification?
You turn into a tree.
Your +0 cloak melds into your body.
Your +0 robe of cold resistance melds into your body.
You feel less resistant to cold.
Your roots penetrate the ground.
The killer bee stings you but does no damage.
The howler monkey hits you.
You die...

*,,,,,,,,,.........<......#....#,
*,,,,,,,,.................#....#,
*,,,,,,,,.................#....#,
*,,,,,,,,.................#....#*
*,,,,,,,,.................#)...#
*,,,,,,,,.................###..##
*,,,,,,,,.................#......
*,,,,,,,,.....~ooo........#......
*,,,,,,,,.....oo♣h........#......
*,,,,,,,,......yhh........#......
*,,,,,,,,.......o.........#......
*,,,,,,,,.................#######
,,,,,,,,,.................####...
,,,,,,,,,.................*#.....
,,,,,,,,,................,*#.....
*,,,,,,,,...............,,*#.....
*,,,,,,,,,,,,,,,,,,,,,,,,,*#.....


You could see 3 howler monkeys, a killer bee (weak-willed), 2 orc wizards and 4
orcs.

Vanquished Creatures
  Joseph (D:7)
  Sigmund (D:4)
  Grum (D:6)
  5 water moccasins
  3 black bears (D:5)
  2 sky beasts (D:7)
  3 ice beasts (D:6)
  An ogre (D:5)
  A wolf (D:6)
  A centaur (D:5)
  A kobold brigand (D:7)
  4 gnoll sergeants (D:6)
  A necrophage (D:6)
  4 scorpions
  3 wights (D:7)
  4 killer bees (D:7)
  An electric eel (D:6)
  A howler monkey (D:6)
  20 hounds
  A jelly (D:7)
  3 gnoll boudas (D:6)
  2 orc priests
  Crazy Yiuf (D:2)
  3 iguanas (D:5)
  Ijyb (D:3)
  2 orc wizards
  Terence (D:2)
  Robin (D:3)
  8 adders
  30 gnolls (D:6)
  A shadow imp (D:6)
  An ufetubus (D:6)
  3 worms
  4 dart slugs
  19 orcs
  9 ball pythons
  3 endoplasms
  4 giant cockroaches
  11 goblins
  13 hobgoblins
  9 jackals
  14 kobolds
  5 quokkas
  6 bats
  2 frilled lizards (D:1)
  A rat (D:2)
216 creatures vanquished.

Vanquished Creatures (others)
  A bat (D:3)
  A fungus (D:2)
  3 plants (D:5)
5 creatures vanquished.

Grand Total: 221 creatures vanquished

Notes
Turn   | Place    | Note
-------+----------+-------------------------------------------
     0 | D:1      | Illumine the Troll Transmuter began the quest for the Orb.
     0 | D:1      | Reached XP level 1. HP: 18/18 MP: 1/1
   135 | D:1      | Found a faded altar of an unknown god.
   257 | D:1      | Reached skill level 1 in Fighting
   257 | D:1      | Reached XP level 2. HP: 27/27 MP: 2/2
   491 | D:1      | Reached XP level 3. HP: 33/33 MP: 4/4
   725 | D:2      | Noticed Terence
   731 | D:2      | Killed Terence
   798 | D:2      | Reached XP level 4. HP: 41/41 MP: 5/5
   913 | D:2      | Found a runed translucent door.
   914 | D:2      | Noticed Crazy Yiuf
  1062 | D:2      | Killed Crazy Yiuf
  1355 | D:3      | Reached skill level 4 in Unarmed Combat
  1371 | D:3      | Found a basalt altar of Yredelemnul.
  1481 | D:3      | Reached XP level 5. HP: 37/48 MP: 6/6
  1497 | D:3      | Found a hide-covered altar of Uskayaw.
  1667 | D:3      | Learned a level 2 spell: Wereblood
  1670 | D:3      | You fall into a shaft and drop 3 floors!
  1705 | D:6      | Reached XP level 6. HP: 20/57 MP: 6/8
  1741 | D:5      | Entered Level 5 of the Dungeon
  1804 | D:4      | Noticed Menkaure
  1894 | D:5      | Reached skill level 5 in Unarmed Combat
  1898 | D:5      | Noticed a water moccasin
  1903 | D:5      | Killed a water moccasin
  1904 | D:5      | Reached XP level 7. HP: 66/66 MP: 9/9
  2073 | D:3      | Noticed Ijyb
  2091 | D:3      | Killed Ijyb
  2148 | D:3      | Identified the amulet "Ocyvveut" {Reflect Drain rCorr Dex+3
                  | SH+5 SInv}
  2213 | D:3      | Noticed Robin
  2233 | D:3      | Killed Robin
  2355 | D:4      | Noticed Sigmund
  2364 | D:4      | Killed Sigmund
  2430 | D:4      | Found a runed translucent gate.
  2436 | D:4      | Found a runed translucent gate.
  2442 | D:4      | Found a runed translucent gate.
  2447 | D:4      | Noticed AnyaLaVert's ghost (amateur HOFi)
  2723 | D:4      | Found a sparkling altar of Nemelex Xobeh.
  2723 | D:4      | Found a sacrificial altar of Ru.
  2723 | D:4      | Found a radiant altar of Vehumet.
  2836 | D:4      | Found Qifig's Book Boutique.
  2988 | D:5      | Reached skill level 6 in Unarmed Combat
  2999 | D:5      | Reached XP level 8. HP: 19/75 MP: 10/10
  3091 | D:5      | Found a blossoming altar of Fedhas.
  3603 | D:6      | Learned a level 3 spell: Vhi's Electric Charge
  3615 | D:6      | Found Cuuqure's Book Shoppe.
  3656 | D:6      | Reached skill level 7 in Unarmed Combat
  3807 | D:6      | Found a staircase to the Ecumenical Temple.
  3849 | D:6      | Reached skill level 1 in Translocations
  3883 | D:6      | Reached XP level 9. HP: 84/84 MP: 12/12
  3902 | Temple   | Entered the Ecumenical Temple
  4070 | Temple   | Became a worshipper of Cheibriados the Contemplative
  4352 | D:6      | Reached * piety under Cheibriados
  4429 | D:6      | Reached skill level 8 in Unarmed Combat
  4611 | D:6      | Reached ** piety under Cheibriados
  4862 | D:6      | Noticed Grum
  4872 | D:6      | Killed Grum
  5001 | D:6      | Reached skill level 1 in Shields
  5223 | D:7      | Noticed Joseph
  5233 | D:7      | Killed Joseph
  5276 | D:7      | Reached *** piety under Cheibriados
  5281 | D:7      | Reached XP level 10. HP: 94/94 MP: 14/14
  5324 | D:7      | Reached skill level 5 in Dodging
  5347 | D:7      | HP: 2/94 [orc wizard/magic dart (6)]
  5350 | D:7      | Slain by a howler monkey

Illustrated notes

Levels and vault maps discovered:
D:1:      evilmike_arrival_crescent, layout_basic,
          dreamdust_ecumenical_altar_hidden_monk_grotto
D:2:      layout_rooms, nicolae_figureground_sparkle, uniq_terence,
          uniq_crazy_yiuf_cottage
D:3:      layout_rooms, eat_drink_and_be_merry_uskayaw,
          yredelemnul_altar_generic, palyth_stone_intersect, uniq_ijyb,
          uniq_robin
D:4:      layout_loops_ring, gammafunk_temple_overflow_forgotten,
          ebering_ghost_rock_garden, serial_shops, nicolae_stop_n_shop_2,
          uniq_sigmund, uniq_menkaure
D:5:      layout_basic, fedhas_altar_2, serial_park_tiny_1, serial_bayou_pond_d
D:6:      layout_cave_pools, temple_doors_e, serial_shops,
          nicolae_shop_advertising_works [nicolae_subvault_shop_adworks],
          serial_gnoll_camp, gnoll_camp_mini_basic, gnoll_camp_huts_moat,
          gnoll_camp_medium_01, grums_kennel
D:7:      layout_basic, mainiacjoe_overflow_concentric_impassable, uniq_joseph
Temple:   nicolae_temple_slightly_damp_pantheon

Skill      XL: |  1  2  3  4  5  6  7  8  9 10 |
---------------+-------------------------------+-----
Fighting       | 1 2 3 4 |  4.6
Dodging        | 2 3 4 5 |  5.0
Transmutations | 2 3 4 |  4.5
Unarmed Combat | 4 5 6 7 8 |  8.8
Spellcasting   | 2 3 |  3.8
Translocations | 1 2 |  2.7
Shields        | 1 |  1.8
Invocations    | |  0.8

Action                   |  1- 3 |  4- 6 |  7- 9 | 10-12 || total
-------------------------+-------+-------+-------+-------++-------
Melee: Unarmed           |    79 |   131 |   368 |    45 ||   623
       Punch             |     1 |     5 |    10 |       ||    16
       Kick              |       |     5 |    19 |       ||    24
       Headbutt          |       |     1 |     9 |       ||    10
Throw: Javelin           |       |     1 |     1 |       ||     2
       Dart              |       |       |     8 |       ||     8
 Cast: Beastly Appendage |       |     1 |     9 |     1 ||    11
       Wereblood         |       |       |     9 |     1 ||    10
Invok: Bend Time         |       |       |       |     3 ||     3
Evoke: Wand              |       |       |     6 |       ||     6
  Use: Scroll            |       |     4 |     4 |     2 ||    10
       Potion            |       |       |     3 |     5 ||     8
 Stab: Sleeping          |     1 |       |       |       ||     1
Armor: Robe              |    31 |    35 |    86 |     9 ||   161
       Skin              |       |       |       |   115 ||   115
Dodge: Dodged            |    33 |    66 |   316 |    51 ||   466
Block: Other             |       |       |    64 |       ||    64
       Reflection        |       |       |    15 |       ||    15
       Kite shield       |       |       |    68 |    94 ||   162

Table legend: (Time is in decaauts)
 A = Elapsed time spent in this place.
 B = Non-inter-level travel time spent in this place.
 C = Inter-level travel time spent in this place.
 D = Time resting spent in this place.
 E = Time spent auto-exploring this place.
 F = Levels seen in this place.
 G = Mean time per level.
                   A        B        C        D        E       F      G
               +--------+--------+--------+--------+--------+-----+--------+
         Total |   5653 |   5472 |    181 |    265 |   3348 |   8 |  706.6 |
       Dungeon |   5466 |   5302 |    164 |    265 |   3207 |   7 |  780.9 |
        Temple |    186 |    170 |     16 |      0 |    141 |   1 |  186.0 |
               +--------+--------+--------+--------+--------+-----+--------+

Top non-repeatable levels by time:
     D:6: 1710 daAuts
     D:5: 934 daAuts
     D:1: 689 daAuts
     D:2: 653 daAuts
     D:4: 640 daAuts
     D:3: 583 daAuts
     D:7: 255 daAuts
  Temple: 186 daAuts
